Map: Molten Temple

Players

Loken - Winner!

  • Race: Protoss Protoss
  • League: Platinum
  • Spawn Location: 9:00

dallaskuken - Winner!

  • Race: Protoss Protoss
  • League: Platinum
  • Spawn Location: 9:00

Myran - Winner!

  • Race: Protoss Protoss
  • Spawn Location: 9:00

Duckstar

  • Race: Zerg Zerg
  • Spawn Location: 3:00

FreddyFun

  • Race: Protoss Protoss
  • Spawn Location: 3:00

Harmonica

  • Race: Protoss Protoss
  • Spawn Location: 3:00

VOD

Have the link to the VOD?

Description

Time

  • Played on: March 14, 2017, 6:28 p.m.
  • Length: 6:16
Show
View Real Time Build Order
Export as new Build Order

Loken Protoss - Winner!

Build Orders:  

Get SALT Encoding   

  12  0:01  Probe (Chrono Boost)  
  13  0:12  Probe (Chrono Boost)  
  14  0:20  Pylon  
  14  0:23  Probe (Chrono Boost)  
  15  0:38  Gateway, Probe (Chrono Boost)  
  16  0:47  Assimilator  
  16  0:48  Probe (Chrono Boost)  
  17  0:59  Probe (Chrono Boost)  
  18  1:09  Probe (Chrono Boost)  
  19  1:20  Probe (Chrono Boost)  
  20  1:26  Cybernetics Core  
  20  1:30  Pylon  
  20  1:34  Gateway  
  20  1:36  Gateway  
  20  1:43  Probe (Chrono Boost)  
  20  1:46  Zealot  
  23  1:49  Warp Gate  
  23  2:09  Pylon  
  23  2:13  Stalker  
  25  2:21  Stalker  
  27  2:27  Stalker  
  29  2:31  Assimilator  
  29  2:33  Probe (Chrono Boost)  
  30  2:46  Stalker  
  32  2:52  Zealot  
  34  3:01  Pylon  
  34  3:02  Stalker  
  36  3:09  Probe (Chrono Boost)  
  37  3:13  Pylon  
  37  3:17  Stalker  
  39  3:23  Stalker  
  41  4:03  Pylon  
  41  4:11  Stalker x3  
  47  4:45  Stalker x2  
  49  4:46  Stalker  
  49  4:50  Pylon  
  51  5:12  Stalker  
  51  5:13  Stalker x2  
  49  6:05  Stalker  
  49  6:06  Stalker x2  
Show
View Real Time Build Order
Export as new Build Order

dallaskuken Protoss - Winner!

Build Orders:  

Get SALT Encoding   

  12  0:02  Probe (Chrono Boost)  
  13  0:12  Probe (Chrono Boost)  
  14  0:21  Pylon  
  14  0:24  Probe (Chrono Boost)  
  15  0:40  Probe (Chrono Boost)  
  16  0:44  Gateway  
  16  0:50  Probe (Chrono Boost)  
  17  1:01  Probe (Chrono Boost)  
  18  1:04  Assimilator  
  18  1:11  Probe (Chrono Boost)  
  18  1:12  Pylon  
  19  1:22  Probe (Chrono Boost)  
  21  1:32  Probe (Chrono Boost)  
  21  1:35  Cybernetics Core  
  21  1:43  Probe (Chrono Boost)  
  22  1:47  Gateway  
  22  1:51  Pylon  
  22  1:53  Probe (Chrono Boost)  
  23  1:55  Zealot  
  23  1:57  Warp Gate  
  25  2:04  Assimilator, Probe (Chrono Boost)  
  26  2:21  Probe (Chrono Boost)  
  27  2:32  Adept  
  27  2:33  Probe (Chrono Boost)  
  32  2:45  Pylon  
  32  2:47  Stalker, Mothership Core (Chrono Boost)  
  34  2:56  Gateway x2  
  35  3:06  Stalker  
  35  3:07  Probe (Chrono Boost)  
  37  3:17  Stalker  
  37  3:19  Probe (Chrono Boost)  
  40  3:31  Probe (Chrono Boost)  
  41  4:20  Stalker x3  
  47  4:38  Pylon  
  47  4:39  Pylon  
  47  4:41  Pylon  
  47  4:43  Pylon  
  47  5:06  Stalker x2  
  51  5:07  Stalker x2  
  55  5:45  Stalker x4  
  55  5:49  Pylon  
Show
View Real Time Build Order
Export as new Build Order

Myran Protoss - Winner!

Build Orders:  

Get SALT Encoding   

  12  0:01  Probe (Chrono Boost)  
  13  0:13  Probe (Chrono Boost)  
  14  0:20  Pylon  
  14  0:28  Probe (Chrono Boost)  
  15  0:50  Pylon  
  15  0:58  Forge  
  15  1:03  Assimilator, Probe (Chrono Boost)  
  16  1:13  Probe (Chrono Boost)  
  17  1:23  Gateway  
  17  1:24  Probe (Chrono Boost)  
  18  1:34  Probe (Chrono Boost)  
  18  1:39  Photon Cannon  
  19  1:42  Photon Cannon  
  19  1:49  Pylon  
  19  1:53  Probe (Chrono Boost)  
  20  2:03  Probe (Chrono Boost)  
  21  2:13  Photon Cannon  
  21  2:17  Pylon  
  22  2:22  Probe (Chrono Boost)  
  22  2:33  Probe (Chrono Boost)  
  22  2:34  Cybernetics Core  
  23  2:41  Photon Cannon  
  23  2:44  Probe (Chrono Boost)  
  24  2:57  Photon Cannon  
  24  3:07  Probe (Chrono Boost)  
  24  3:10  Zealot  
  27  3:13  Warp Gate  
  27  3:23  Gateway  
  27  3:26  Pylon  
  27  3:28  Probe (Chrono Boost)  
  27  3:29  Photon Cannon  
  28  3:49  Probe (Chrono Boost)  
  29  4:06  Pylon  
  29  4:08  Probe (Chrono Boost)  
  30  4:29  Photon Cannon  
  30  4:30  Photon Cannon  
  30  4:31  Nexus  
  30  4:34  Pylon  
  30  5:04  Photon Cannon  
  30  5:19  Pylon  
  30  5:31  Probe (Chrono Boost)  
  31  5:42  Probe (Chrono Boost)  
  32  5:45  Probe (Chrono Boost)  
  33  5:54  Pylon  
  33  5:55  Probe (Chrono Boost)  
  34  6:04  Pylon  
  34  6:06  Probe (Chrono Boost)  
Show
View Real Time Build Order
Export as new Build Order

Duckstar Zerg 

Build Orders: Pool First 

Get SALT Encoding   

  12  0:02  Drone  
  14  0:20  Overlord  
  13  0:25  Drone  
  14  0:38  Drone  
  15  0:47  Drone  
  16  0:51  Spawning Pool  
  16  0:56  Drone  
  16  1:06  Drone, Extractor  
  16  1:20  Drone  
  17  1:30  Drone  
  18  1:41  Drone  
  18  1:43  Queen  
  21  1:59  Overlord  
  21  2:00  Hatchery  
  21  2:01  Overlord  
  20  2:15  Zergling x2  
  21  2:31  Zergling x2  
  21  2:34  Zergling x2  
  23  2:39  Lair  
  22  2:55  Zergling x4  
  22  2:56  Zergling x4  
  26  3:13  Zergling x4  
  26  3:18  Zergling x2  
  29  3:20  Metabolic Boost  
  29  3:27  Drone  
  24  4:07  Drone x2  
  24  4:08  Drone x7  
  24  4:09  Overlord  
  31  4:14  Queen  
  33  4:33  Drone x2  
  33  4:34  Drone x2  
  37  4:44  Zergling x6  
  37  4:45  Zergling x4  
  35  5:03  Zergling x2  
  35  5:08  Hatchery  
  27  5:23  Zergling x8  
Show
View Real Time Build Order
Export as new Build Order

FreddyFun Protoss 

Build Orders:  

Get SALT Encoding   

  12  0:01  Probe (Chrono Boost)  
  13  0:17  Pylon  
  13  0:18  Probe (Chrono Boost)  
  15  0:28  Probe (Chrono Boost)  
  15  0:36  Gateway  
  15  0:39  Probe (Chrono Boost)  
  16  0:45  Assimilator  
  16  0:49  Probe (Chrono Boost)  
  17  0:59  Assimilator  
  17  1:00  Probe (Chrono Boost)  
  18  1:10  Probe (Chrono Boost)  
  19  1:18  Pylon  
  19  1:24  Cybernetics Core  
  19  1:28  Zealot  
  19  1:31  Probe (Chrono Boost)  
  22  1:43  Probe (Chrono Boost)  
  23  1:50  Pylon  
  23  1:53  Probe (Chrono Boost)  
  24  2:04  Probe (Chrono Boost)  
  25  2:09  Stargate  
  25  2:10  Warp Gate  
  25  2:19  Stalker  
  27  2:28  Gateway  
  27  2:30  Gateway  
  27  2:49  Stalker  
  29  3:10  Pylon  
  28  3:15  Stalker  
  28  3:19  Stalker  
  23  3:34  Nexus  
  19  4:30  Probe (Chrono Boost)  
  20  4:42  Probe (Chrono Boost)  
  20  4:44  Stalker  
  23  4:55  Stalker  
  15  5:14  Stalker  
  17  5:38  Zealot  
Show
View Real Time Build Order
Export as new Build Order

Harmonica Protoss 

Build Orders:  

Get SALT Encoding   

  12  0:01  Probe (Chrono Boost)  
  13  0:11  Probe (Chrono Boost)  
  14  0:17  Pylon  
  14  0:23  Probe (Chrono Boost)  
  15  0:35  Gateway  
  15  0:38  Probe (Chrono Boost)  
  16  0:48  Probe (Chrono Boost)  
  16  0:49  Assimilator  
  17  0:59  Probe (Chrono Boost)  
  18  1:13  Probe (Chrono Boost)  
  19  1:22  Cybernetics Core  
  19  1:23  Probe (Chrono Boost)  
  20  1:27  Forge  
  20  1:30  Zealot  
  22  1:38  Probe (Chrono Boost)  
  23  1:51  Warp Gate  
  23  1:52  Pylon  
  23  2:10  Zealot, Probe (Chrono Boost)  
  26  2:21  Photon Cannon  
  26  2:32  Stargate  
  26  2:39  Assimilator  
  26  2:49  Zealot  
  28  3:13  Stalker  
  30  3:30  Probe (Chrono Boost)  
  31  3:44  Gateway  
  31  3:45  Gateway  
  31  3:48  Gateway  
  31  4:16  Photon Cannon  
  31  4:25  Pylon  
  31  4:27  Pylon  
  31  4:40  Void Ray  
  27  5:15  Stargate  
  27  5:17  Stargate, Void Ray  
  27  5:25  Stalker  
  33  5:43  Stalker x3  
Tags
 
Add a new tag
Caveats
  • Supply blocks, unpowered buildings, or Contaminate may cause inaccurate times.
  • Supply counts are checked every 10 seconds.